 Dungeon Crawl Stone Soup version 0.28.0-62-gf88900778d (webtiles) character file.

Game seed: 16384251996546358258

39 cbfl8 the Covered (level 3, -2/33 HPs)
             Began as a Hill Orc Fighter on May 26, 2023.
             Slain by an orc
             ... wielding a +3 trident
              (6 damage)
             ... on level 2 of the Dungeon.
             The game lasted 00:00:46 (1670 turns).

cbfl8 the Covered (Hill Orc Fighter)                Turns: 1670, Time: 00:00:47

Health: -2/33      AC:  7    Str: 20    XL:     3   Next: 47%
Magic:  3/3        EV:  9    Int:  8    God:
Gold:   18         SH:  4    Dex: 10    Spells: 2/2 levels left

rFire   . . .      SeeInvis .   a - +0 war axe
rCold   . . .      Faith    .   c - +0 buckler
rNeg    . . .      Spirit   .   b - +0 scale mail
rPois   .          Reflect  .   (no helmet)
rElec   .          Harm     .   (no cloak)
rCorr   .          Rampage  .   (no gloves)
Will    .....                   (no boots)
Stlth   ..........              (no amulet)
HPRegen 0.11/turn               (no ring)
MPRegen 0.08/turn               (no ring)

@: no status effects
A: no striking features
a: no special abilities


You were on level 2 of the Dungeon.
You visited 1 branch of the dungeon, and saw 2 of its levels.

You collected 18 gold pieces.

Inventory:

Hand Weapons
 a - a +0 war axe (weapon)
Armour
 b - a +0 scale mail (worn)
 c - a +0 buckler (worn)
Scrolls
 e - a scroll of vulnerability {unknown}
 f - a scroll of identify {unknown}
 g - a scroll of immolation {unknown}
Potions
 d - a potion of might


   Skills:
 + Level 3.7 Fighting
 + Level 3.3 Axes
 + Level 4.0 Armour
 + Level 3.6 Shields
 * Level 0.7 Evocations


You had 2 spell levels left.
You didn't know any spells.
Your spell library was empty.

Dungeon Overview and Level Annotations

Branches:
Dungeon (2/15)

Altars:

Annotations:
D:2 Robin


Message History

You slash the orc!
You kill the orc!
You slash the orc!
You kill the orc!
The orc wizard hits you with a +0 dagger of electrocution.
Unknown command.
You slash the orc wizard!
The orc wizard is heavily wounded.
The orc hits you from afar with a +3 trident.
The orc wizard hits you with a +0 dagger of electrocution.
Unknown command.
You hit the orc wizard.
The orc wizard is almost dead.
The orc hits you from afar with a +3 trident.
The orc wizard hits you with a +0 dagger of electrocution.
Unknown command.
You barely miss the orc wizard.
The orc wizard is almost dead.
The orc hits you but does no damage. The orc wizard closely misses you.
The orc hits you from afar with a +3 trident.
You block the orc wizard's attack.
Unknown command.
You barely miss the orc wizard.
The orc wizard is almost dead.
The orc hits you from afar with a +3 trident.
The orc wizard gestures at you while chanting.
The magic dart hits you.
Unknown command.
You are too injured to fight recklessly!
Unknown command.
You are too injured to fight recklessly!
You barely miss the orc wizard.
The orc wizard is almost dead.
The goblin shouts! x2; You hear a shout! x2
The orc hits you but does no damage.
The orc wizard points at you and mumbles some strange words.
The puff of flame hits you!
* * * LOW HITPOINT WARNING * * *
The orc hits you from afar with a +3 trident.
You die...

#.........
#..#.#####
#..#.# #..#.#
# ####..# .#
#.....# #.##
#.##.###...##
# #.##)....#.
#..@oo.....
####.....##
#...## #.##
g# g . .#


You could see an orc wizard, an orc and 2 goblins.

Vanquished Creatures
  A worm (D:2)
  3 orcs (D:2)
  3 ball pythons
  5 endoplasms
  4 goblins
  3 hobgoblins
  7 jackals (D:1)
  A frilled lizard (D:1)
  A rat (D:1)
28 creatures vanquished.

Notes
Turn   | Place    | Note
-------+----------+-------------------------------------------
     0 | D:1      | cbfl8 the Hill Orc Fighter began the quest for the Orb.
     0 | D:1      | Reached XP level 1. HP: 19/19 MP: 1/1
   439 | D:1      | Reached XP level 2. HP: 19/27 MP: 2/2
   937 | D:1      | Found a faded altar of an unknown god.
  1222 | D:2      | Reached XP level 3. HP: 30/33 MP: 3/3
  1222 | D:2      | Noticed Robin
  1513 | D:2      | Reached skill level 4 in Armour
  1670 | D:2      | Slain by an orc

Illustrated notes

Levels and vault maps discovered:
D:1:      onia_arrival_pentagram, layout_loops_corners,
          ebering_ecumenical_altar_abandoned
D:2:      layout_loops_ring, basic_altar, kennysheep_generic_room_11,
          uniq_sigmund, uniq_robin

Skill      XL: |  1  2  3 |
---------------+----------+-----
Axes           | 3 |  3.3
Armour         | 4 |  4.0
Fighting       | |  3.7
Shields        | |  3.6
Evocations     | |  0.7

Action                   || total
-------------------------++-------
Melee: War axe           ||    78
Armor: Scale mail        ||    37
Dodge: Dodged            ||    40
Block: Buckler           ||    26
